 Dungeon Crawl Stone Soup version 0.22-a0-362-g535178c (webtiles) character file.

11252 inmateoo the Fighter (level 11, 0/81 HPs)
             Began as an Octopode Earth Elementalist on Apr 20, 2018.
             Was a High Priest of Vehumet.
             Slain by an eight-headed hydra (3 damage)
             ... on level 11 of the Dungeon.
             The game lasted 00:26:37 (15292 turns).

inmateoo the Fighter (Octopode Earth Elementalist) Turns: 15292, Time: 00:26:39

Health: 0/81       AC:  2    Str: 16    XL:     11   Next: 74%
Magic:  13/31      EV: 14    Int: 26    God:    Vehumet [*****.]
Gold:   642        SH:  0    Dex:  6    Spells: 6/25 levels left

rFire    . . .     SeeInvis .   i - +2 dagger (venom)
rCold    + + +     Gourm    .   (no shield)
rNeg     + + .     Faith    .   r - +1 hat of Luown {Str+4}
rPois    +         Spirit   .   A - amulet of Xom's Sleight of Hands {RegenMP rC+ Int+5 Dex-5}
rElec    .         Reflect  .   z - ring of Exhibitionism {rC++ rN++ Str+2 Dex-2}
rCorr    .         Harm     .   p - ring of Dygenaw {*Drain +Blink +Fly rPois Str+3}
MR       .....                  D - ring of magical power
Stlth    +++.......             (no ring)
HPRegen  0.23/turn              (no ring)
MPRegen  0.47/turn              (no ring)
                                (no ring)
                                (no ring)

@: no status effects
A: almost no armour, stealthy swim, amphibious, 8 rings, constrict 8, camouflage
1, gelatinous body 1
a: Renounce Religion, Evoke Blink, Evoke Flight


You were on level 11 of the Dungeon.
You worshipped Vehumet.
Vehumet was extremely pleased with you.
You were not hungry.

You visited 2 branches of the dungeon, and saw 12 of its levels.
You also visited: Labyrinth and Ossuary.

You collected 642 gold pieces.

Inventory:

Hand Weapons
 h - a +1 short sword of draining
 i - a +2 dagger of venom (weapon)
Missiles
 s - a throwing net
 v - 52 stones (quivered)
Armour
 r - the +1 hat of Luown (worn) {Str+4}
   (You acquired it on level 8 of the Dungeon)

   It affects your strength (+4).
Magical Staves
 b - an uncursed staff of death
 C - an uncursed staff of poison
Jewellery
 p - the ring of Dygenaw (right tentacle) {*Drain +Blink +Fly rPois Str+3}
   (You took it off a minotaur in a labyrinth)

   [ring of flight]

   It affects your strength (+3).
   It protects you from poison.
   It lets you fly.
   It lets you blink.
   It causes draining when unequipped.
 y - the amulet "Edudippy" {RegenMP rF+ Str-5 Int+2}
   (You found it on level 7 of the Dungeon)

   [amulet of magic regeneration]

   It increases your magic regeneration.
   It affects your strength (-5).
   It affects your intelligence (+2).
   It protects you from fire.
 z - the ring of Exhibitionism (left tentacle) {rC++ rN++ Str+2 Dex-2}
   (You found it on level 7 of the Dungeon)

   [ring of strength]

   It affects your strength (+2).
   It affects your dexterity (-2).
   It greatly protects you from cold.
   It greatly protects you from negative energy.
 A - the amulet of Xom's Sleight of Hands (around mantle) {RegenMP rC+ Int+5 Dex-5}
   (You found it on level 7 of the Dungeon)

   [amulet of magic regeneration]

   It increases your magic regeneration.
   It affects your intelligence (+5).
   It affects your dexterity (-5).
   It protects you from cold.
 D - a ring of magical power (on tentacle)
Wands
 o - a wand of polymorph (13)
 u - a wand of flame (22)
 x - a wand of random effects (22)
 E - a wand of clouds (5)
 F - a wand of disintegration (12)
Scrolls
 e - 4 scrolls of identify
 f - 2 scrolls of enchant armour
 j - 5 scrolls of teleportation
 l - 2 scrolls of amnesia
 m - 7 scrolls of remove curse
 n - 7 scrolls of enchant weapon
 q - a scroll of silence
 w - 4 scrolls of blinking
 B - a scroll of fear
Potions
 a - 4 potions of curing
 d - 9 potions of flight
 g - 4 potions of agility
 k - a potion of haste
 t - a potion of resistance
Comestibles
 c - 17 rations


   Skills:
 - Level 10.0 Fighting
 - Level 4.0 Short Blades
 - Level 5.0 Dodging
 - Level 2.6 Stealth
 + Level 7.6 Spellcasting
 - Level 3.0 Conjurations
 - Level 3.0 Charms
 + Level 3.7 Necromancy
 + Level 3.0 Transmutations
 + Level 9.9 Earth Magic


You had 6 spell levels left.
You knew the following spells:

 Your Spells              Type           Power        Failure   Level  Hunger
a - Regeneration          Chrm/Necr      ####......   4%          3    None
b - Passwall              Tmut/Erth      #####.....   1%          2    None
c - Stone Arrow           Conj/Erth      #####.       1%          3    None
d - Lee's Rapid Deconstr  Erth           ######....   1%          5    #####..
e - Sandblast             Erth           ######       1%          1    None
f - Irradiate             Conj/Tmut      ####......   13%         5    #####..


Dungeon Overview and Level Annotations

Branches:
Dungeon (11/15)            Temple (1/1) D:4            Lair (0/6) D:11
    Orc (0/2) D:10

Altars:
Cheibriados
Dithmenos
Elyvilon
Fedhas
Hepliaklqana
Kikubaaqudgha
Makhleb
Nemelex Xobeh
Okawaru
Qazlal
Ru
Trog
Uskayaw
Vehumet
Wu Jian
Xom
Yredelemnul
Zin

Shops:
D:11 !

Annotations:
D:11 exclusion: 3 doors


Innate Abilities, Weirdness & Mutations

You cannot wear most types of armour.
You are very stealthy in the water. (Stealth+)
You are amphibious.
You can wear up to eight rings at the same time.
You can use your tentacles to constrict eight enemies at once.
Your skin changes colour to match your surroundings (Stealth+).
Your rubbery body absorbs attacks. (AC +1, EV +1)


Message History

The eight-headed hydra bites you!
The eight-headed hydra bites you but does no damage.
The eight-headed hydra closely misses you. x2
Unknown command.
Unknown command.
Casting: Stone Arrow (safe; 1% risk of failure)
Confirm with . or Enter, or press ? or * to list all spells.
Aiming: Stone Arrow (safe; 1% risk of failure)
Press: ? - help, Shift-Dir - straight line, f/p - eight-headed hydra
Aim: an eight-headed hydra (almost dead)
The stone arrow misses the eight-headed hydra.
The eight-headed hydra bites you!
* * * LOW HITPOINT WARNING * * *
The eight-headed hydra bites you but does no damage.
The eight-headed hydra misses you.
The eight-headed hydra barely misses you.
The eight-headed hydra bites you!
* * * LOW HITPOINT WARNING * * *
The eight-headed hydra bites you.
You die...

.................................
##..########.....................
#..# ...# #............#########
##.##.....##............#########
..†#.......'.....................
#..#...∩...'..............#######
#..#D......'..............#######
...##.....##.....D...............
....##...##.....@................
##...#####.......................
##...............................
.................................
.................................
..############.##########.#######
..# #.# #.#
..############.##########.#
..........................#######


You could see an eight-headed hydra.

Vanquished Creatures
  A minotaur (Lab)
  The ghost of Nib the Covert, a novice OpFi (D:7)
  A deep elf mage (D:10)
  A gargoyle (D:11)
  2 kobold demonologists (D:11)
  2 trolls (D:11)
  Prince Ribbit (D:7)
  3 hippogriffs
  Sigmund (D:4)
  A vampire (D:11)
  3 yaks
  Eustachio (D:4)
  2 wargs (D:10)
  2 soldier ants (D:7)
  3 sky beasts
  5 phantoms
  An ice beast (D:9)
  4 ogres
  4 orc warriors
  2 centaurs
  6 big kobolds
  2 elf zombies
  6 bullfrogs
  The ghost of Zgarb the Magician, an amateur SpEn (D:3)
  An elf skeleton (D:6)
  A wyvern skeleton (D:6)
  3 scorpions
  8 killer bees (D:8)
  9 howler monkeys
  8 crimson imps
  2 bullfrog zombies
  A centaur zombie (D:11)
  2 quasits (D:10)
  A human zombie (D:6)
  9 orc priests
  5 hounds
  A jelly (D:8)
  A human skeleton (D:6)
  10 orc wizards
  A bullfrog skeleton (D:7)
  2 centaur skeletons
  3 iguanas
  8 worker ants
  2 killer bee zombies
  A big kobold zombie (Ossuary)
  4 hound zombies
  2 hound skeletons
  4 mummies (Ossuary)
  A worker ant zombie (D:5)
  A howler monkey zombie (D:6)
  15 adders
  20 gnolls
  A howler monkey skeleton (D:5)
  A shadow imp (D:8)
  An adder skeleton (D:4)
  2 adder zombies (Ossuary)
  2 worms
  3 dart slugs
  9 leopard geckos
  37 orcs
  6 bats
  8 giant cockroaches
  4 hobgoblins
  6 jackals
  23 kobolds
  6 quokkas
  6 frilled lizards
  5 goblins
  A jackal zombie (Ossuary)
  2 kobold zombies (Ossuary)
  2 leopard gecko zombies (D:6)
  An orc skeleton (D:6)
  2 orc zombies
  10 rats
  3 rat zombies (Ossuary)
323 creatures vanquished.

Notes
Turn   | Place    | Note
-------+----------+-------------------------------------------
     0 | D:1      | inmateoo the Octopode Earth Elementalist began the quest for the Orb.
     0 | D:1      | Reached XP level 1. HP: 11/11 MP: 3/3
   176 | D:1      | Reached XP level 2. HP: 18/18 MP: 5/5
   279 | D:1      | Reached skill level 1 in Fighting
   442 | D:2      | Reached XP level 3. HP: 16/23 MP: 4/6
   920 | D:2      | Learned a level 2 spell: Passwall
   924 | D:2      | Learned a level 3 spell: Stone Arrow
  1144 | D:2      | Reached XP level 4. HP: 23/29 MP: 6/8
  1317 | D:3      | Reached skill level 2 in Fighting
  1579 | D:3      | Reached XP level 5. HP: 21/35 MP: 7/9
  1600 | D:3      | Noticed Zgarb's ghost (amateur SpEn)
  1634 | D:3      | Killed Zgarb's ghost
  1771 | D:3      | Found an iron altar of Okawaru.
  2026 | D:4      | Noticed a phantom
  2029 | D:4      | Reached skill level 3 in Fighting
  2029 | D:4      | Reached XP level 6. HP: 34/42 MP: 11/11
  2131 | D:4      | Found a staircase to the Ecumenical Temple.
  2138 | Temple   | Entered the Ecumenical Temple
  2265 | Temple   | Became a worshipper of Vehumet
  2482 | D:4      | Learned a level 5 spell: Lee's Rapid Deconstruction
  2623 | D:4      | Noticed Sigmund
  2634 | D:4      | Killed Sigmund
  2634 | D:4      | Reached skill level 5 in Earth Magic
  2634 | D:4      | Reached XP level 7. HP: 47/47 MP: 11/13
  2661 | D:4      | Reached skill level 4 in Fighting
  3432 | D:4      | Noticed Eustachio
  3439 | D:4      | Killed Eustachio
  3704 | D:5      | Entered Level 5 of the Dungeon
  3741 | D:5      | Reached skill level 5 in Fighting
  3756 | D:5      | Reached * piety under Vehumet
  3756 | D:5      | Offered knowledge of Freeze by Vehumet.
  3762 | D:5      | Reached XP level 8. HP: 10/55 MP: 8/14
  4589 | D:5      | Reached skill level 6 in Fighting
  5341 | D:6      | Found a sand-covered staircase.
  5348 | D:6      | Reached skill level 7 in Fighting
  5352 | Ossuary  | Entered an ossuary
  5396 | Ossuary  | Offered knowledge of Shock by Vehumet.
  5400 | Ossuary  | Reached ** piety under Vehumet
  5941 | D:6      | Reached skill level 1 in Short Blades
  5941 | D:6      | Reached skill level 1 in Conjurations
  5965 | D:6      | Reached XP level 9. HP: 32/64 MP: 15/15
  6485 | D:6      | Found a snail-covered altar of Cheibriados.
  7364 | D:7      | Noticed Prince Ribbit
  7817 | D:7      | Found a snail-covered altar of Cheibriados.
  7824 | D:7      | Offered knowledge of Ignite Poison by Vehumet.
  7849 | D:7      | Noticed Nib's ghost (novice OpFi)
  7900 | D:7      | Killed Nib's ghost
  7900 | D:7      | Reached skill level 5 in Spellcasting
  8104 | D:7      | Killed Prince Ribbit
  8104 | D:7      | Reached skill level 8 in Fighting
  8123 | D:7      | Reached XP level 10. HP: 25/72 MP: 5/18
  8555 | D:7      | Reached *** piety under Vehumet
  8793 | D:7      | Found a runed door.
  9070 | D:7      | Found a sacrificial altar of Ru.
  9411 | D:7      | Got a clouded ruby amulet
  9420 | D:7      | Got a brightly glowing ivory ring
  9423 | D:7      | Got a flickering diamond amulet
  9433 | D:7      | Found a runed door.
  9644 | D:8      | Offered knowledge of Airstrike by Vehumet.
  9756 | D:8      | Reached skill level 5 in Dodging
  9851 | D:8      | Identified the ring of Exhibitionism {rC++ rN++ Str+2 Dex-2} (You found it on level 7 of the Dungeon)
  9873 | D:8      | Identified a scroll of acquirement
  9876 | D:8      | Got a bloodstained hat
  9882 | D:8      | Identified the +1 hat of Luown {Str+4} (You acquired it on level 8 of the Dungeon)
  9987 | D:8      | Reached **** piety under Vehumet
 10285 | D:8      | Offered knowledge of Irradiate by Vehumet.
 10433 | D:8      | Learned a level 3 spell: Regeneration
 10433 | D:8      | Identified the amulet "Edudippy" {RegenMP rF+ Str-5 Int+2} (You found it on level 7 of the Dungeon)
 10434 | D:8      | Identified the amulet of Xom's Sleight of Hands {RegenMP rC+ Int+5 Dex-5} (You found it on level 7 of the Dungeon)
 10562 | D:8      | Reached skill level 9 in Fighting
 10968 | D:9      | Found a basalt altar of Yredelemnul.
 11738 | D:10     | Entered Level 10 of the Dungeon
 11757 | D:10     | Reached skill level 1 in Necromancy
 11866 | D:10     | Reached skill level 1 in Charms
 11879 | D:10     | Reached XP level 11. HP: 60/80 MP: 6/21
 11999 | D:10     | Noticed a deep elf mage
 12452 | D:10     | Learned a level 5 spell: Irradiate
 12485 | D:10     | Reached ***** piety under Vehumet
 12509 | D:10     | Killed a deep elf mage
 12661 | D:10     | Offered knowledge of Fulminant Prism by Vehumet.
 12680 | D:10     | Found a staircase to the Orcish Mines.
 13087 | D:11     | Found a labyrinth entrance.
 13094 | Lab      | Entered a labyrinth
 13218 | Lab      | Noticed a minotaur
 13729 | Lab      | Killed a minotaur
 13731 | Lab      | Got a warped iron ring
 13743 | Lab      | Identified the ring of Dygenaw {*Drain +Blink +Fly rPois Str+3} (You took it off a minotaur in a labyrinth)
 14003 | D:11     | Found a staircase to the Lair.
 14204 | D:11     | Found Lamuazac's Distillery.
 14204 | D:11     | Noticed an eight-headed hydra
 15182 | D:11     | Reached skill level 10 in Fighting
 15292 | D:11     | HP: 3/81 [eight-headed hydra (12)]
 15292 | D:11     | Slain by an eight-headed hydra

Vault maps used:
D:1:      zelgadis_glass_arrival_small
D:3:      okawaru_metal_pillars_1_2
D:4:      minmay_temple_entry_hall, first_ration, uniq_sigmund, uniq_eustachio
D:6:      nicolae_ossuary_entry_catacombs, gup_sewer_entry_spiral,
          cheibriados_altar_1
D:7:      minmay_the_grid_triangle_9x9_rhombus_thin, kennysheep_little_box,
          basic_altar, uniq_prince_ribbit1
D:9:      basic_altar
D:10:     david_orc_3, grunt_pizzeria
D:11:     lair_entry_dummy, lab_entry_generic, kennysheep_windowed_goal
Temple:   nicolae_temple_the_god_donut
Lab:      labyrinth_green, labyrinth_skeletal_remains, nicolae_lab_grate,
          nicolae_lab_swirl
Ossuary:  ossuary_minmay_tomb_2a

Skill      XL: |  1  2  3  4  5  6  7  8  9 10 11 |
---------------+----------------------------------+-----
Fighting       | 1 2 3 5 7 8 9 10 | 10.0
Spellcasting   | 3 4 5 6 7 |  7.6
Earth Magic    | 4 5 6 7 8 9 |  9.9
Short Blades   | 1 3 4 |  4.0
Conjurations   | 1 3 |  3.0
Dodging        | 4 5 |  5.0
Necromancy     | 1 3 |  3.7
Charms         | 1 3 |  3.0
Transmutations | 3 |  3.0
Stealth        | |  2.6

Action                   |  1- 3 |  4- 6 |  7- 9 | 10-12 || total
-------------------------+-------+-------+-------+-------++-------
Melee: Unarmed           |    59 |       |       |    29 ||    88
       Constrict         |    19 |    10 |    48 |    64 ||   141
       Tentacles         |    10 |     8 |    35 |    63 ||   116
       Dagger            |     9 |    63 |   274 |   310 ||   656
 Cast: Sandblast         |     7 |    19 |    89 |    38 ||   153
       Stone Arrow       |       |     2 |    36 |    91 ||   129
       Lee's Rapid Decon |       |       |     3 |    31 ||    34
       Regeneration      |       |       |       |    17 ||    17
       Irradiate         |       |       |       |     2 ||     2
       Passwall          |       |       |       |     1 ||     1
  Use: Scroll            |     8 |     3 |     7 |     8 ||    26
       Potion            |       |     1 |     4 |     2 ||     7
 Stab: Sleeping          |     9 |     6 |    11 |     2 ||    28
       Distracted        |       |       |     1 |       ||     1
  Eat: Chunk             |     1 |     4 |    14 |    17 ||    36
       Ration            |       |       |     2 |     4 ||     6
Armor: Skin              |    10 |     5 |    73 |    59 ||   147
Dodge: Dodged            |    43 |    46 |   192 |   261 ||   542

Table legend:
 A = Spawn XP
 B = Non-spawn XP
 C = Spawn XP percentage of total XP
 D = Spawn monster count
 E = Non-spawn monster count
 F = Spawn count percentage of total count
 G = Total turns spent on level
                    A         B        C        D         E        F      G
               +---------+---------+-------+---------+---------+-------+---------
         Total |       0 |   16075 |   0.0 |       0 |     323 |   0.0 | 15292
               +---------+---------+-------+---------+---------+-------+---------
           D:1 |       0 |      26 |   0.0 |       0 |      14 |   0.0 |   375
           D:2 |       0 |      70 |   0.0 |       0 |      15 |   0.0 |  1130
           D:3 |       0 |     214 |   0.0 |       0 |      21 |   0.0 |   604
           D:4 |       0 |     789 |   0.0 |       0 |      25 |   0.0 |  1440
           D:5 |       0 |     714 |   0.0 |       0 |      31 |   0.0 |  1478
           D:6 |       0 |    1071 |   0.0 |       0 |      38 |   0.0 |  1861
           D:7 |       0 |    2812 |   0.0 |       0 |      28 |   0.0 |  1997
           D:8 |       0 |    1895 |   0.0 |       0 |      39 |   0.0 |  1189
           D:9 |       0 |    1450 |   0.0 |       0 |      23 |   0.0 |  1345
          D:10 |       0 |    2844 |   0.0 |       0 |      47 |   0.0 |  1346
          D:11 |       0 |    2789 |   0.0 |       0 |      25 |   0.0 |   907
           Lab |       0 |    1162 |   0.0 |       0 |       1 |   0.0 |   888
       Ossuary |       0 |     239 |   0.0 |       0 |      16 |   0.0 |   577
               +---------+---------+-------+---------+---------+-------+---------
